 Dungeon Crawl Stone Soup version 0.21.1-1-g345015fe64 (webtiles) character file.

544 krystyw the Ruffian (level 7, 0/60 HPs)
             Began as a Ghoul Gladiator on June 17, 2018.
             Was a Follower of Uskayaw.
             Slain by an orc wizard
             ... wielding a +0 dagger
              (1 damage)
             ... on level 4 of the Dungeon.
             The game lasted 00:27:49 (2688 turns).

krystyw the Ruffian (Ghoul Gladiator)               Turns: 2688, Time: 00:27:49

Health: 0/60       AC:  7    Str: 19    XL:     7   Next: 27%
Magic:  4/6        EV: 13    Int:  3    God:    Uskayaw [*.....]
Gold:   276        SH:  0    Dex: 11    Spells: 6/6 levels left

rFire    . . .     SeeInvis .     - Unarmed
rCold    + . .     Gourm    .   (no shield)
rNeg     + + +     Faith    .   w - +2 leather armour {rPois}
rPois    ∞         Spirit   .   b - +0 helmet
rElec    .         Reflect  .   f - scarf {cloud immunity}
rCorr    .         Harm     .   e - +0 pair of gloves {archery}
MR       .....                  (no boots)
Stlth    ++........             (no amulet)
HPRegen  0.00/turn              (no ring)
MPRegen  0.10/turn              (no ring)

@: rotting
A: rotting body, claws 1, carnivore, cold resistance 1, negative energy
resistance 3, inhibited regeneration, torment resistance, unbreathing
a: Stomp, Renounce Religion


You were on level 4 of the Dungeon.
You worshipped Uskayaw.
Uskayaw was noncommittal.
You were not hungry.

You visited 1 branch of the dungeon, and saw 4 of its levels.

You collected 276 gold pieces.

Inventory:

Missiles
 c - 2 throwing nets (quivered)
Armour
 a - a +0 leather armour
 b - a +0 helmet (worn)
 e - a +0 pair of gloves of archery (worn)
 f - a scarf of cloud immunity (worn)
 p - a scarf of resistance
 w - a +2 leather armour of poison resistance (worn)
Wands
 q - a wand of acid (14)
 s - a wand of clouds (4)
Scrolls
 g - a scroll of fear {unknown}
 h - a scroll of immolation {unknown}
 i - 3 scrolls of remove curse {unknown}
 k - 2 scrolls of random uselessness {unknown}
 l - a scroll of blinking {unknown}
 m - 2 scrolls of amnesia {unknown}
 n - a scroll of teleportation {unknown}
 o - 2 scrolls of noise {unknown}
Potions
 j - a potion of lignification {unknown}
 r - a potion of agility {unknown}
 t - a potion of resistance {unknown}
 v - a potion of curing {unknown}
Comestibles
 d - 8 rations


   Skills:
 + Level 4.7 Fighting
 - Level 1.9 Throwing
 - Level 4.1 Dodging
 - Level 3.2 Stealth
 + Level 5.8 Unarmed Combat


You had 6 spell levels left.
You didn't know any spells.

Dungeon Overview and Level Annotations

Branches:
Dungeon (4/15)
 Temple: D:4-7

Altars:
Cheibriados
Sif Muna
Uskayaw
Vehumet
Zin


Innate Abilities, Weirdness & Mutations

Your body is rotting away.
You thrive on raw meat.
You are immune to poison.
You have sharp fingernails.
You are carnivorous and can eat meat at any time.
Your flesh is cold resistant. (rC+)
You are immune to negative energy. (rN+++)
You do not regenerate when monsters are visible.
You are immune to unholy pain and torment.
You can survive without breathing.


Message History

You closely miss the orc wizard. The orc wizard hits you with a dagger.
* * * LOW HITPOINT WARNING * * *
You closely miss the orc wizard. The orc wizard closely misses you.
You hit the orc wizard.
The orc wizard is heavily wounded.
The orc wizard closely misses you.
An orc comes into view.
The orc priest barely misses you. The orc wizard hits you with a dagger.
* * * LOW HITPOINT WARNING * * *
You closely miss the orc wizard.
The orc wizard is heavily wounded.
The orc wizard points at you and mumbles some strange words.
The puff of frost misses you.
The orc priest hits you but does no damage.
The orc wizard barely misses you.
The orc shouts!
You hit the orc wizard.
The orc wizard is severely wounded.
The orc priest closely misses you. The orc wizard hits you with a dagger.
You die...

##<....## #.###
#.....##. ....#
#.#^#.##. #.#.#
..#.#.##. #.#.#
##.# ##. #.#.# #
##.## #.#.#
#.#.#...####.#.#
#..........oo#.##
##.#...#####@..##
##.## #.o...###
#. #.......# #.
#.....#.# ..
##...##.# ##
######.# #.# #.#
#.#


You could see an orc priest, an orc wizard and an orc.

Vanquished Creatures
  The ghost of Auri666 the Slasher, an amateur NaBe of Trog (D:4)
  2 ogres (D:4)
  A howler monkey (D:4)
  A bullfrog skeleton (D:4)
  An orc wizard (D:4)
  4 adders
  2 oozes
  2 worms
  An adder skeleton (D:4)
  2 dart slugs
  2 leopard geckos
  6 orcs
  4 giant cockroaches
  9 hobgoblins
  2 quokkas
  9 bats
  4 frilled lizards
  11 goblins
  A jackal skeleton (D:4)
  2 kobolds
  4 rats
71 creatures vanquished.

Notes
Turn   | Place    | Note
-------+----------+-------------------------------------------
     0 | D:1      | krystyw the Ghoul Gladiator began the quest for the Orb.
     0 | D:1      | Reached XP level 1. HP: 17/17 MP: 0/0
    68 | D:1      | Reached XP level 2. HP: 24/24 MP: 1/1
   275 | D:1      | Reached XP level 3. HP: 27/30 MP: 2/2
   410 | D:1      | Reached skill level 4 in Unarmed Combat
   668 | D:2      | Found a snail-covered altar of Cheibriados.
   775 | D:2      | Reached XP level 4. HP: 36/37 MP: 3/3
   790 | D:2      | Reached skill level 1 in Stealth
   990 | D:2      | Found a deep blue altar of Sif Muna.
  1105 | D:2      | Found a hide-covered altar of Uskayaw.
  1107 | D:2      | Found a radiant altar of Vehumet.
  1108 | D:2      | Found a glowing silver altar of Zin.
  1294 | D:2      | Became a worshipper of Uskayaw the Reveler
  1358 | D:3      | Reached * piety under Uskayaw
  2170 | D:4      | Reached XP level 5. HP: 43/45 MP: 4/4
  2187 | D:4      | Noticed an ogre
  2201 | D:4      | Reached ** piety under Uskayaw
  2203 | D:4      | Reached *** piety under Uskayaw
  2206 | D:4      | Killed an ogre
  2239 | D:4      | Reached XP level 6. HP: 42/51 MP: 5/5
  2298 | D:4      | Reached skill level 5 in Unarmed Combat
  2601 | D:4      | Noticed Auri666's ghost (amateur NaBe)
  2644 | D:4      | Killed Auri666's ghost
  2644 | D:4      | Reached XP level 7. HP: 17/60 MP: 6/6
  2678 | D:4      | HP: 3/60 [orc wizard/puff of frost (5)]
  2683 | D:4      | HP: 3/60 [orc wizard/dagger (1)]
  2686 | D:4      | HP: 1/60 [orc wizard/dagger (2)]
  2688 | D:4      | Slain by an orc wizard

Skill      XL: |  1  2  3  4  5  6 |
---------------+-------------------+-----
Dodging        | 3 4 |  4.1
Unarmed Combat | 4 5 |  5.8
Stealth        | 1 2 3 |  3.2
Fighting       | 3 4 |  4.7
Throwing       | |  1.9

Action                   |  1- 3 |  4- 6 |  7- 9 || total
-------------------------+-------+-------+-------++-------
Melee: Unarmed           |   106 |   166 |    11 ||   283
       Punch             |       |     9 |       ||     9
Throw: Throwing net      |       |     1 |       ||     1
Invok: Stomp             |       |       |     2 ||     2
  Use: Scroll            |       |     4 |       ||     4
 Stab: Sleeping          |       |     2 |       ||     2
       Paralysed         |       |     2 |     1 ||     3
  Eat: Chunk             |    13 |    19 |     1 ||    33
Armor: Leather armour    |    35 |    30 |     2 ||    67
Dodge: Dodged            |    69 |    97 |     9 ||   175
